 Dungeon Crawl Stone Soup version 0.29-a0-96-g93358da72b (webtiles) character file.

Game seed: 14743515154724116596

2747 Grim the Quickloader (level 9, -10/68 HPs)
             Began as a Minotaur Hunter on Feb 13, 2022.
             Shot with an arrow by a centaur warrior (16 damage)
             ... on level 7 of the Dungeon.
             The game lasted 00:13:28 (7800 turns).

Grim the Quickloader (Minotaur Hunter)              Turns: 7800, Time: 00:13:29

Health: -10/68     AC: 15    Str: 18      XL:     9   Next: 41%
Magic:  8/8        EV:  7    Int: 10      God:
Gold:   328        SH:  0    Dex: 14 (16) Spells: 8/8 levels left

rFire   . . .      SeeInvis +   b - +0 hand axe
rCold   . . .      Faith    .   (no shield)
rNeg    . . .      Spirit   .   G - +1 chain mail of Modam {Dex+4}
rPois   .          Reflect  .   (helmet restricted)
rElec   .          Harm     .   (no cloak)
rCorr   .          Rampage  .   B - +1 pair of gloves
Will    .....                   (no boots)
Stlth   ..........              (no amulet)
HPRegen 0.21/turn               t - +4 ring of protection
MPRegen 0.11/turn               m - ring of see invisible

@: no status effects
A: horns 2, retaliatory headbutt
a: no special abilities


You were on level 7 of the Dungeon.
You visited 1 branch of the dungeon, and saw 7 of its levels.
You also visited: Ossuary.

You collected 478 gold pieces.
You spent 150 gold pieces at shops.

Inventory:

Hand Weapons
 a - a +1 hand crossbow
 b - a +0 hand axe (weapon)
 l - a +0 short sword
Missiles
 d - 38 bolts
 s - 20 poisoned darts (quivered)
 u - 4 boomerangs
 C - a throwing net
 J - a curare-tipped dart
 K - 2 silver javelins
Armour
 j - a +0 plate armour
 B - a +1 pair of gloves (worn)
 G - the +1 chain mail of Modam (worn) {Dex+4}
   (You found it on level 5 of the Dungeon)

   Dex:       It affects your dexterity (+4).
Jewellery
 g - a ring of flight
 m - a ring of see invisible (right hand)
 t - a +4 ring of protection (left hand)
 F - an amulet of magic regeneration
 I - a ring of willpower
 M - a ring of wizardry
Wands
 z - a wand of mindburst (6)
 A - a wand of flame (58)
Scrolls
 e - a scroll of enchant armour {unknown}
 k - 3 scrolls of immolation {unknown}
 o - a scroll of silence {unknown}
 p - 2 scrolls of noise {unknown}
 r - 6 scrolls of identify {unknown}
 y - a scroll of torment {unknown}
 D - a scroll of fog {unknown}
 H - a scroll of fear {unknown}
 L - a scroll of teleportation {unknown}
 N - a scroll of summoning {unknown}
Potions
 c - a potion of magic {unknown}
 f - 4 potions of curing
 h - 3 potions of brilliance
 i - 2 potions of lignification {unknown}
 n - a potion of haste {unknown}
 q - 2 potions of degeneration {unknown}
 v - a potion of mutation {unknown}
 w - 2 potions of resistance {unknown}
 x - 3 potions of heal wounds {unknown}
 E - 2 potions of might {unknown}


   Skills:
 - Level 2.4 Fighting
 + Level 8.6 Axes
 * Level 12.5 Crossbows
 - Level 2.1 Dodging
 - Level 0.7 Stealth


You had 8 spell levels left.
You didn't know any spells.
Your spell library was empty.

Dungeon Overview and Level Annotations

Branches:
Dungeon (7/15)            Ossuary (visited)
 Temple: D:4-7

Altars:
Ru
Xom

Shops:
D:1 (   D:5 ![(=(   D:7 *


Innate Abilities, Weirdness & Mutations

You have a pair of horns on your head.
You reflexively headbutt those who attack you in melee.


Message History

The troll bites you but does no damage. The troll claws you!
The troll claws you but does no damage.
You hit the troll but do no damage.
The troll is lightly wounded.
The troll bites you! The troll barely misses you.
The troll claws you but does no damage.
You hit the troll but do no damage.
The troll is lightly wounded.
You slash the troll!
The troll is moderately wounded.
The troll bites you.
The troll claws you but does no damage. x2
You hit the troll.
You headbutt the troll, but do no damage.
The troll is moderately wounded.
The troll bites you.
The troll claws you but does no damage. x2
You hit the troll.
The troll is heavily wounded.
The troll bites you but does no damage. The troll closely misses you.
The troll claws you.
You hit the troll.
The troll is heavily wounded.
The troll bites you!
* * * LOW HITPOINT WARNING * * *
The troll closely misses you. The troll claws you!
* * * LOW HITPOINT WARNING * * *
You hit the troll.
The troll is heavily wounded.
The troll barely misses you. The troll claws you but does no damage.
The troll claws you.
* * * LOW HITPOINT WARNING * * *
Unknown command.
Okay, then.
Throw: 20 darts (poison)
Press: ? - help, Q - select action, (/) - cycle Shift-Dir - straight line, f/p - troll
Aim: a troll (heavily wounded, 59% to hit)
Okay, then.
The centaur warrior shoots an arrow.
The arrow hits you!
* * * LOW HITPOINT WARNING * * *
The centaur warrior shoots an arrow.
The arrow hits you!
You die...

##.##.##.#.##
#..#.#.##.###
#.#...# #...#
#.##.## ###.#
#.##.# #.# #.#
#.# #># #.#
#.######.#
#@##...#.#
#.#......# +
##.##T.......##.#
#......c........#
#..###.......####
#. #.......####
###.#.........
#......#.####.
#.#(####.#


You could see a centaur warrior and a troll.

Vanquished Creatures
  Pikel (D:6)
  A kobold demonologist (D:6)
  3 ogres
  A necrophage (D:6)
  2 centaurs
  A lemure (D:6)
  A phantom (D:6)
  An elf zombie (Ossuary)
  2 kobold brigands
  3 bullfrogs
  5 scorpions
  2 water moccasin zombies (D:7)
  2 centaur zombies
  4 hounds
  A gnoll shaman (D:7)
  An orc priest (D:6)
  A jelly (D:6)
  A human zombie (Ossuary)
  2 centaur skeletons
  2 iguanas
  2 orc wizards
  3 mummies
  3 adders (D:3)
  A shadow imp (D:7)
  2 adder skeletons
  A worm (D:2)
  3 dart slugs
  14 orcs
  6 ball pythons
  5 giant cockroaches
  6 goblins
  5 hobgoblins
  4 jackals
  A quokka (D:5)
  7 bats
  5 frilled lizards
  3 goblin zombies (Ossuary)
  14 hobgoblin zombies
  2 jackal zombies (Ossuary)
  23 kobolds
  11 kobold zombies
  6 orc zombies (Ossuary)
  3 rats
167 creatures vanquished.

Vanquished Creatures (others)
  A howler monkey zombie (D:6)
1 creature vanquished.

Grand Total: 168 creatures vanquished

Notes
Turn   | Place    | Note
-------+----------+-------------------------------------------
     0 | D:1      | Grim the Minotaur Hunter began the quest for the Orb.
     0 | D:1      | Reached XP level 1. HP: 18/18 MP: 0/0
   263 | D:1      | Reached XP level 2. HP: 25/25 MP: 1/1
   278 | D:1      | Found Geqinelo's Weapon Shoppe.
   353 | D:1      | Reached skill level 5 in Crossbows
   425 | D:1      | Found a faded altar of an unknown god.
   425 | D:1      | Noticed a golden eye
   461 | D:1      | Noticed a great orb of eyes
   461 | D:1      | Noticed a great orb of eyes
   461 | D:1      | Noticed a floating eye
   924 | D:2      | Reached XP level 3. HP: 30/30 MP: 2/2
  1831 | D:3      | Reached skill level 1 in Axes
  1905 | D:3      | Reached skill level 6 in Crossbows
  2010 | D:3      | Reached XP level 4. HP: 37/37 MP: 3/3
  2628 | D:4      | Found a sand-covered staircase.
  2638 | D:4      | Reached XP level 5. HP: 18/42 MP: 4/4
  2804 | Ossuary  | Entered an ossuary
  3024 | Ossuary  | Reached skill level 7 in Crossbows
  3032 | Ossuary  | HP: 2/42 [elf zombie (4)]
  3050 | Ossuary  | Reached XP level 6. HP: 7/50 MP: 5/5
  3849 | D:5      | Entered Level 5 of the Dungeon
  3861 | D:5      | Reached skill level 8 in Crossbows
  3942 | D:5      | Found Qimink's Antique Armour Boutique.
  3952 | D:5      | Bought a pair of runed gloves for 150 gold pieces
  3979 | D:5      | Found Peumuel's Weapon Emporium.
  4016 | D:5      | Reached XP level 7. HP: 46/56 MP: 6/6
  4106 | D:5      | Found Akheh's Jewellery Shoppe.
  4540 | D:5      | Found a sacrificial altar of Ru.
  4543 | D:5      | Found a shimmering altar of Xom.
  4791 | D:5      | Reached skill level 5 in Axes
  4912 | D:5      | Identified the +1 chain mail of Modam {Dex+4}
  4932 | D:5      | Found Fuer's Distillery.
  4966 | D:5      | Reached skill level 9 in Crossbows
  5280 | D:5      | Found Bucem's Antique Weapon Emporium.
  5657 | D:6      | Noticed Pikel
  5678 | D:6      | Killed Pikel
  5679 | D:6      | Reached skill level 10 in Crossbows
  5679 | D:6      | Reached XP level 8. HP: 45/62 MP: 7/7
  5965 | D:6      | Reached skill level 11 in Crossbows
  6722 | D:7      | Reached XP level 9. HP: 68/68 MP: 8/8
  6761 | D:7      | Found Anex's Assorted Antiques.
  6824 | D:7      | Noticed a troll
  6828 | D:7      | Noticed a centaur warrior
  7047 | D:7      | Noticed a kobold demonologist
  7442 | D:6      | Noticed a hellwing
  7448 | D:6      | Killed a kobold demonologist
  7449 | D:6      | Reached skill level 12 in Crossbows
  7800 | D:7      | Shot with an arrow by a centaur warrior

Illustrated notes

Levels and vault maps discovered:
D:1:      amcnicky_arrival_choice, layout_basic, serial_shops,
          nicolae_shop_crystal, hellmonk_ecumenical_altar_watching_god
D:2:      minmay_evil_eye, layout_loops_cross
D:3:      layout_basic
D:4:      layout_cave_pools, nicolae_ossuary_entry_giza
D:5:      layout_loops_corners, jmf_multi_god_temple, serial_shops, shop,
          kennysheep_mini, nicolae_shop_hallway_plus, shop,
          nicolae_shop_crystal, dk_vineyard_2, hangedman_decor_opposing,
          amcnicky_mini_pool_small, chequers_garden, minmay_holes,
          chequers_serial_rivers_small_3, nrook_loot_triangle
D:6:      layout_basic, lemuel_flame_loot_1, uniq_pikel
D:7:      nzn_winding_woodlands_small [nzn_winding_woodlands_5x15_longhouse,
          nzn_winding_woodlands_center_triple_pond,
          nzn_winding_woodlands_5x15_crooked], layout_loops_ring,
          minmay_temple_entry_glassed_door, serial_shops, shop

Skill      XL: |  1  2  3  4  5  6  7  8  9 |
---------------+----------------------------+-----
Crossbows      | 5 6 7 8 10 11 12 | 12.5
Axes           | 1 2 3 4 6 7 8 |  8.6
Fighting       | |  2.4
Dodging        | |  2.1
Stealth        | |  0.7

Action                   |  1- 3 |  4- 6 |  7- 9 || total
-------------------------+-------+-------+-------++-------
Melee: Short sword       |    18 |       |       ||    18
       Headbutt          |     6 |    17 |    37 ||    60
       Hand axe          |    12 |    93 |   177 ||   282
       Punch             |       |     1 |     2 ||     3
 Fire: Hand crossbow     |    76 |    68 |   110 ||   254
  Use: Potion            |       |     4 |     2 ||     6
Armor: Ring mail         |    12 |       |       ||    12
       Plate armour      |    14 |    99 |    13 ||   126
       Chain mail        |       |       |   175 ||   175
Dodge: Dodged            |    13 |    20 |    76 ||   109

Table legend: (Time is in decaauts)
 A = Elapsed time spent in this place.
 B = Non-inter-level travel time spent in this place.
 C = Inter-level travel time spent in this place.
 D = Time resting spent in this place.
 E = Time spent auto-exploring this place.
 F = Levels seen in this place.
 G = Mean time per level.
                   A        B        C        D        E       F      G
               +--------+--------+--------+--------+--------+-----+--------+
         Total |   7829 |   7633 |    196 |   1509 |   4844 |   8 |  978.6 |
       Dungeon |   7221 |   7025 |    196 |   1238 |   4685 |   7 | 1031.6 |
       Ossuary |    608 |    608 |      0 |    271 |    159 |   1 |  608.0 |
               +--------+--------+--------+--------+--------+-----+--------+

Top non-repeatable levels by time:
     D:6: 1654 daAuts
     D:5: 1536 daAuts
     D:2: 885 daAuts
     D:1: 867 daAuts
     D:3: 798 daAuts
     D:7: 754 daAuts
     D:4: 725 daAuts
 Ossuary: 608 daAuts
